 Dungeon Crawl Stone Soup version 0.31-a0-700-gf13585253f (webtiles) character file.

Game seed: 2179291550070834201

513 qw the Shooter (level 7, -2/44 HPs)
             Began as a Gargoyle Hunter on Sept 7, 2023.
             Slain by an ogre
             ... wielding a +0 giant club
              (4 damage)
             ... on level 4 of the Dungeon.
             The game lasted 00:01:06 (2296 turns).

qw the Shooter (Gargoyle Hunter)                    Turns: 2296, Time: 00:01:07

Health: -2/44      AC: 10    Str: 14    XL:     7   Next: 19%
Magic:  7/7        EV: 10    Int: 10    God:
Gold:   117        SH:  5    Dex: 15    Spells: 6/6 levels left

rFire   . . .        Y - +1 shortbow
rCold   . . .        (shield currently unavailable)
rNeg    + . .        f - +0 ring mail
rPois   inf          (no helmet)
rElec   +            (no cloak)
rCorr   .            (no gloves)
SInv    .            (no boots)
Will    .....        e - amulet of reflection
Stlth   +            (no ring)
HPRegen 0.27/turn    (no ring)
MPRegen 0.10/turn

%: reflection
@: about to teleport
A: sickness immunity, AC +4, negative energy resistance 1, electricity
resistance, torment resistance 1, petrification resistance
a: no special abilities


You were on level 4 of the Dungeon.
You visited 1 branch of the dungeon, and saw 4 of its levels.

You collected 117 gold pieces.


Innate Abilities, Weirdness & Mutations

You are immune to sickness and miasma.
Your stone body is resilient. (AC +4)
You are immune to poison.
You resist negative energy. (rN+)
You are resistant to electric shocks. (rElec)
You are resistant to unholy torment.
You are immune to petrification.


   Skills:
 - Level 4.4 Fighting
 + Level 7.5 Ranged Weapons
 - Level 1.0 Armour
 - Level 1.5 Dodging
 - Level 1.1 Stealth


You had 6 spell levels left.
You didn't know any spells.
Your spell library was empty.

Inventory:

Hand Weapons
 Y - a +1 shortbow (weapon)
Armour
 f - a +0 ring mail (worn)
Jewellery
 e - an amulet of reflection (around neck)
Scrolls
 a - 2 scrolls of teleportation
 k - a scroll of identify
Potions
 b - a potion of curing {unknown}
 c - a potion of might
 d - a potion of cancellation {unknown}
 g - a potion of haste {unknown}
 h - a potion of degeneration {unknown}
 i - a potion of heal wounds {unknown}
 l - a potion of resistance {unknown}

Dungeon Overview and Level Annotations

Branches:
Dungeon (4/15)
 Temple: D:4-7

Altars:
Zin


Message History

The orc wizard is lightly wounded.
You shoot an arrow. The arrow hits the orc wizard.
The orc wizard is heavily wounded.
The orc hits you with a +0 dagger. The orc barely misses you.
You shoot an arrow.
The arrow closely misses the orc wizard.
The orc wizard gestures at you while chanting.
The puff of flame hits you! The orc hits you but does no damage.
The orc closely misses you.
You shoot an arrow.
The arrow closely misses the orc wizard.
The ogre barely misses you.
The orc wizard gestures at you while chanting.
You are confused.
The orc barely misses you. x2
The orc wizard points at you and mumbles some strange words.
You resist with some effort. The orc hits you but does no damage.
The ogre closely misses you. The orc closely misses you.
The orc wizard hits you but does no damage.
The orc hits you but does no damage. The orc barely misses you.
The ogre closely misses you.
The orc wizard hits you with a +0 dagger.
The orc hits you with a +1 flail of holy wrath.
The orc hits you with a +0 dagger.
The orc wizard hits you but does no damage.
The orc completely misses you. The ogre hits you with a +0 giant club!
The orc hits you but does no damage.
The orc wizard gestures at you while chanting.
You resist with some effort. The orc hits you but does no damage.
The orc barely misses you.
You feel less confused.
The orc wizard hits you but does no damage.
The ogre barely misses you. You block the orc's attack. The orc misses you.
2296 ||| READING 3 scrolls of teleportation.
As you read the scroll of teleportation, it crumbles to dust.
You feel strangely unstable.
The orc wizard hits you with a +0 dagger.
The orc completely misses you. The orc closely misses you.
The ogre hits you with a +0 giant club.
You die...

#.#.# #.##.##.#
#.#.# ##.##.##.#
#.#.###..##%##.#
. #...'..##....#
. #####.....##)#
#.....##.#
########.#
###o## #.@o.#
#.oO.######.
#...........
#...........
##...........
###............
#..............
#..............
#..PPPPP.P..#..


You could see an ogre, an orc wizard and 2 orcs.

Vanquished Creatures
  Sigmund (D:2)
  An ogre (D:4)
  2 scorpions (D:4)
  A hound (D:4)
  Jessica (D:2)
  An adder (D:2)
  3 worms
  2 dart slugs
  7 orcs
  6 bats
  5 endoplasms
  5 goblins
  6 hobgoblins
  6 kobolds
  2 quokkas (D:2)
  3 ball pythons
  2 frilled lizards
  4 rats
58 creatures vanquished.

Notes
Turn   | Place    | Note
-------+----------+-------------------------------------------
     0 | D:1      | qw the Gargoyle Hunter began the quest for the Orb.
     0 | D:1      | Reached XP level 1. HP: 12/12 MP: 1/1
     0 | D:1      | 0 ||| qw: Version: 0.3-a-76-g4403597
     0 | D:1      | 0 ||| qw: Game counter: 552
     0 | D:1      | 0 ||| qw: Melee chars always use a shield: true
     0 | D:1      | 0 ||| qw: God list: Okawaru
     0 | D:1      | 0 ||| qw: Allow faded altars: false
     0 | D:1      | 0 ||| qw: Do Orc after clearing Dungeon:15 true
     0 | D:1      | 0 ||| qw: Do second Lair branch before Depths: true
     0 | D:1      | 0 ||| qw: Lair rune preference: random
     0 | D:1      | 0 ||| qw: Goals: Normal
     0 | D:1      | 0 ||| PLANNING D:1-11
   116 | D:1      | Reached XP level 2. HP: 17/17 MP: 2/2
   220 | D:1      | Found a faded altar of an unknown god.
   636 | D:1      | 636 ||| UPGRADING to +0 ring mail.
   646 | D:1      | 646 ||| DROPPING +0 leather armour.
   647 | D:1      | 647 ||| READING scroll labelled KOLAGR XAISK.
   648 | D:1      | 648 ||| DROPPING scroll of butterflies.
   673 | D:2      | 673 ||| STAIRDANCE
   732 | D:2      | 732 ||| STAIRDANCE
   740 | D:1      | Reached XP level 3. HP: 7/21 MP: 3/3
   819 | D:2      | Reached skill level 1 in Armour
   828 | D:2      | Noticed Sigmund
   838 | D:2      | Killed Sigmund
   839 | D:2      | Reached skill level 6 in Ranged Weapons
   839 | D:2      | Reached XP level 4. HP: 26/26 MP: 4/4
   839 | D:2      | Reached XP level 5. HP: 30/30 MP: 5/5
   969 | D:2      | Noticed Jessica
   971 | D:2      | 971 ||| Stepping ~*~*~tactically~*~*~ (outnumbered).
   975 | D:2      | Killed Jessica
   976 | D:2      | Reached XP level 6. HP: 36/36 MP: 6/6
  1225 | D:2      | Reached skill level 3 in Fighting
  1467 | D:2      | 1467 ||| UPGRADING to amulet of reflection.
  1472 | D:2      | 1472 ||| READING 3 scrolls labelled ROGROTI HENIN.
  1477 | D:2      | 1477 ||| READING 2 scrolls labelled HAAJEIPRINUDD.
  1478 | D:2      | 1478 ||| READING scroll labelled FOKELL NIOV.
  1479 | D:2      | 1479 ||| DRINKING 2 clear potions.
  1480 | D:2      | 1480 ||| DROPPING scroll of blinking.
  1997 | D:3      | 1997 ||| DROPPING +6 ring of intelligence.
  1998 | D:3      | 1998 ||| READING scroll labelled CIURESE FIEMO.
  1999 | D:3      | 1999 ||| READING scroll labelled FETRIT MECUZ.
  2038 | D:4      | Found a glowing silver altar of Zin.
  2087 | D:4      | 2087 ||| FLEEEEING.
  2186 | D:4      | Reached skill level 7 in Ranged Weapons
  2252 | D:4      | Reached XP level 7. HP: 21/44 MP: 7/7
  2252 | D:4      | 2252 ||| FLEEEEING.
  2253 | D:4      | 2253 ||| FLEEEEING.
  2254 | D:4      | 2254 ||| FLEEEEING.
  2259 | D:4      | 2259 ||| FLEEEEING.
  2260 | D:4      | 2260 ||| FLEEEEING.
  2261 | D:4      | 2261 ||| FLEEEEING.
  2262 | D:4      | 2262 ||| FLEEEEING.
  2274 | D:4      | 2274 ||| FLEEEEING.
  2275 | D:4      | 2275 ||| FLEEEEING.
  2276 | D:4      | 2276 ||| FLEEEEING.
  2278 | D:4      | 2278 ||| FLEEEEING.
  2279 | D:4      | 2279 ||| FLEEEEING.
  2280 | D:4      | 2280 ||| FLEEEEING.
  2281 | D:4      | 2281 ||| FLEEEEING.
  2293 | D:4      | HP: 3/44 [ogre/+0 giant club (11)]
  2296 | D:4      | 2296 ||| READING 3 scrolls of teleportation.
  2296 | D:4      | Slain by an ogre

Levels and vault maps discovered:
D:1:      scummos_arrival_gate, layout_basic, chequers_ecumenical_altar_island
D:2:      layout_basic, lightli_corner_chamber, uniq_jessica, uniq_sigmund
D:3:      layout_basic
D:4:      layout_basic, mainiacjoe_overflow_chevrons, fiery_altar_vehumet,
          serial_co_window_serial, co_window_paths_b, co_window_paths_b,
          co_window_corner_a, co_window_paths_a, co_window_cross_1,
          co_window_broadway_c, co_window_cross_3, co_window_of_opportunity_b,
          co_window_corner_ca, glass_columns_a, glass_columns_b,
          glass_columns_c, hex_medium, grunt_ministairs_6, minmay_crystal_water

Skill      XL: |  1  2  3  4  5  6 |
---------------+-------------------+-----
Armour         | 1 |  1.0
Ranged Weapons | 6 7 |  7.5
Fighting       | 4 |  4.4
Dodging        | |  1.5
Stealth        | |  1.1

Action                     |  1- 3 |  4- 6 |  7- 9 || total
---------------------------+-------+-------+-------++-------
   Fire: Shortbow          |    96 |   123 |    10 ||   229
    Use: Scroll            |     1 |     5 |     1 ||     7
         Potion            |       |     1 |       ||     1
 Armour: Ring mail         |    30 |    32 |    17 ||    79
         Leather armour    |    20 |       |       ||    20
  Dodge: Dodged            |    44 |    26 |    15 ||    85
  Block: Other             |       |    11 |     1 ||    12
         Reflection        |       |     2 |       ||     2

Table legend:
 A = Non-vault XP
 B = Vault XP
 C = Vault XP percentage of total XP
 D = Non-vault monster count
 E = Vault monster count
 F = Vault count percentage of total count
                 A         B        C        D         E       F
            +---------+---------+-------+---------+---------+-------
      Total |     453 |     280 |  38.2 |      56 |       2 |   3.4
            +---------+---------+-------+---------+---------+-------
        D:1 |      36 |       0 |   0.0 |      21 |       0 |   0.0
        D:2 |      45 |     280 |  86.2 |      18 |       2 |  10.0
        D:3 |      32 |       0 |   0.0 |      11 |       0 |   0.0
        D:4 |     340 |       0 |   0.0 |       6 |       0 |   0.0
            +---------+---------+-------+---------+---------+-------
